AoeStats
← Holder

MegaRandom

509421064Analyzed
4v4 RM · 6d ago on Sep 26, 2026· 106m 27s· 8 players
Game mode
Random Map
Map size
Large (8 player)
Population
200
Speed
Normal
Resources
Standard
Victory
Conquest
Starting age
Dark Age
Ending age
Imperial Age
RankedLock teamsTeams togetherTeam positionsShared explorationLock speedFull tech treeHidden civsTurbo modeCheats
Victory
Defeat
🇩🇪 Ethiopians · Germany
1076
+11
🇩🇪 Danes · Germany
1049
+12
🇩🇪 Saxons · Germany
1018
+14
🇭🇺 Poles · Hungary
971
+15
🇻🇳 Armenians · Vietnam
973
-13
🇪🇸 Malay · Spain
970
-13
🇻🇳 Slavs · Vietnam
967
-13
🇹🇷 Khmer · Türkiye
962
-13
[doGs] Charlie the Bird.
0:36 Loom
11:07 Feudal Age
13:25 Fletching
24:47 Castle Age
23:41 Double-Bit Axe
23:37 Horse Collar
23:51 Stone Mining
24:04 Gold Mining
24:31 Town Watch
26:18 Murder Holes
28:31 Ballistics
28:49 Treadmill Crane
38:14 Fortified Wall
41:32 Gold Shaft Mining
45:44 Bodkin Arrow
49:37 Bow Saw
56:19 Wheelbarrow
56:19 Masonry
59:54 Imperial Age
57:26 Heavy Plow
60:07 Hand Cart
60:13 Thumb Ring
59:29 Crossbowman
59:30 Elite Skirmisher
61:55 Hoardings
62:53 Bracer
63:27 Architecture
64:41 Two-Man Saw
65:37 Padded Archer Armor
65:48 Forging
65:38 Scale Mail Armor
66:47 Chemistry
66:23 Conscription
66:19 Arbalester
71:42 Pikeman
72:23 Squires
72:11 Halberdier
72:37 Arson
72:38 Gambesons
76:28 Town Patrol
76:46 Leather Archer Armor
76:47 Chain Mail Armor
77:07 Iron Casting
76:39 Siege Engineers
76:57 Sanctity
76:41 Shield Wall
80:19 Man-at-Arms
80:26 Elite Varangian Guard
81:10 Long Swordsman
86:50 Two-Handed Swordsman
90:29 Champion
106:34 Ring Archer Armor
106:34 Plate Mail Armor
TopicKilleR
7:13 Loom
10:31 Feudal Age
15:35 Castle Age
41:08 Scale Mail Armor
42:20 Chain Mail Armor
45:38 Hamask
47:26 Horse Collar
47:34 Double-Bit Axe
51:38 Forging
55:22 Imperial Age
52:43 Town Watch
53:34 Wheelbarrow
55:12 Iron Casting
55:26 Capped Ram
55:29 Onager
57:51 Bow Saw
58:12 Gold Mining
58:12 Stone Mining
60:37 Hoardings
63:03 Heavy Plow
63:55 Siege Onager
68:54 Elite Jomsviking
76:49 Northmen's Fury
77:50 Conscription
77:57 Capped Ram
78:47 Caravan
79:26 Siege Ram
83:20 Hand Cart
83:05 Town Patrol
85:08 Blast Furnace
84:39 Plate Mail Armor
Randomly10
1:09 Loom
10:44 Feudal Age
15:02 Castle Age
13:20 Double-Bit Axe
14:01 Horse Collar
14:44 Stone Mining
16:32 Wheelbarrow
17:46 Bow Saw
20:13 Heavy Plow
21:44 Gold Mining
24:27 Crossbowman
26:55 Thumb Ring
27:48 Stone Shaft Mining
27:49 Gold Shaft Mining
27:49 Stone Shaft Mining
29:17 Hand Cart
32:00 Imperial Age
30:31 Squires
30:17 Arson
30:37 Padded Archer Armor
30:27 Fletching
32:36 Arbalester
33:54 Ballistics
33:31 Bodkin Arrow
33:51 Leather Archer Armor
33:47 Forging
33:18 Halberdier
38:57 Ring Archer Armor
38:27 Bracer
38:32 Scale Mail Armor
38:41 Bracer
39:17 Iron Casting
41:58 Chain Mail Armor
43:17 Heated Shot
53:45 Onager
99:03 Blast Furnace
98:33 Plate Mail Armor
StangLee
8:23 Loom
11:44 Feudal Age
12:28 Horse Collar
12:36 Double-Bit Axe
17:48 Castle Age
19:37 Bow Saw
19:30 Heavy Plow
21:11 Fervor
24:08 Husbandry
24:20 Bloodlines
24:46 Light Cavalry
26:30 Forging
26:29 Scale Barding Armor
29:17 Szlachta Privileges
31:29 Iron Casting
31:15 Chain Barding Armor
32:13 Wheelbarrow
31:25 Town Watch
36:03 Imperial Age
34:26 Hand Cart
35:06 Scale Mail Armor
35:14 Squires
36:40 Chain Mail Armor
36:26 Gold Mining
36:16 Cavalier
38:13 Conscription
39:33 Crop Rotation
38:42 Winged Hussar
40:50 Pikeman
42:33 Blast Furnace
42:09 Plate Mail Armor
58:10 Elite Obuch
61:21 Caravan
73:06 Man-at-Arms
73:46 Arson
73:38 Long Swordsman
74:19 Two-Handed Swordsman
Bertinos
10:34 Feudal Age
15:32 Castle Age
31:18 Horse Collar
34:43 Imperial Age
33:17 Double-Bit Axe
38:51 Elite Karambit Warrior
39:48 Forging
41:41 Iron Casting
47:22 Light Cavalry
48:03 Husbandry
51:49 Heavy Plow
53:10 Wheelbarrow
52:21 Town Watch
54:03 Blast Furnace
54:55 Capped Ram
62:09 Cavalier
durmazz1
10:37 Feudal Age
17:12 Castle Age
15:14 Horse Collar
15:57 Double-Bit Axe
16:08 Stone Mining
16:09 Gold Mining
16:43 Gold Mining
18:27 Heavy Plow
18:39 Bow Saw
19:38 Wheelbarrow
22:24 Husbandry
22:36 Bloodlines
23:41 Scale Barding Armor
24:31 Stone Shaft Mining
26:35 Hand Cart
26:49 Chain Barding Armor
31:38 Imperial Age
30:01 Forging
32:20 Gold Shaft Mining
32:44 Cavalier
35:31 Plate Barding Armor
35:31 Iron Casting
34:41 Pikeman
35:44 Elite Battle Elephant
37:09 Halberdier
41:32 Scale Mail Armor
46:35 Blast Furnace
45:46 Tusk Swords
46:48 Padded Archer Armor
46:39 Fletching
46:26 Heavy Scorpion
48:01 Double Crossbow
48:39 Leather Archer Armor
48:22 Bodkin Arrow
50:45 Chemistry
50:06 Ballistics
50:20 Ring Archer Armor
49:52 Bracer
54:33 Chain Mail Armor
87:35 Elite Skirmisher
Kennyciu
11:04 Feudal Age
15:48 Castle Age
14:35 Double-Bit Axe
22:35 Bow Saw
25:02 Detinets
28:48 Imperial Age
28:50 Gold Mining
28:51 Stone Mining
29:40 Wheelbarrow
30:25 Forging
30:20 Scale Barding Armor
31:05 Bloodlines
30:55 Husbandry
32:53 Hand Cart
32:23 Horse Collar
33:46 Two-Man Saw
33:25 Iron Casting
33:10 Chain Barding Armor
33:19 Conscription
36:40 Blast Furnace
36:01 Chain Barding Armor
35:05 Elite Boyar
41:30 Plate Barding Armor
53:17 Scale Mail Armor
53:20 Druzhina
53:46 Squires
53:06 Pikeman
56:08 Halberdier
57:07 Chain Mail Armor
57:00 Heavy Plow
65:00 Plate Mail Armor
90:29 Gold Shaft Mining
Holder
9:41 Feudal Age
9:48 Man-at-Arms
12:05 Arson
15:18 Wheelbarrow
14:50 Long Swordsman
17:44 Loom
20:03 Castle Age
19:24 Double-Bit Axe
19:21 Horse Collar
23:23 Gambesons
23:44 Squires
24:35 Two-Handed Swordsman
29:53 Pikeman
33:26 Halberdier
39:48 Hand Cart
39:22 Loom
42:10 Imperial Age
42:04 Herbal Medicine
44:03 Capped Ram
49:28 Conscription
51:30 Scale Mail Armor
51:41 Forging
51:22 Fletching
51:32 Padded Archer Armor
51:53 Elite Composite Bowman
52:45 Fereters
56:15 Bow Saw
55:55 Gold Mining
55:55 Stone Mining
64:19 Bodkin Arrow
64:39 Leather Archer Armor
65:00 Iron Casting
64:40 Chain Mail Armor
67:39 Chemistry
67:00 Ballistics
66:49 Bracer
67:20 Ring Archer Armor
78:43 Blast Furnace
78:13 Plate Mail Armor
94:38 Champion
Connection lost

Rejoining the realm…

Still unreachable

The connection could not be restored.

Session expired

The server has moved on; the page needs a fresh start.